Sewer Rats vs Little Stars (R1)

Created - May 28, 2020 at 20:49

Goals
1 2 3 T
Sewer Rats 0 1 2 3
Little Stars 0 2 2 4
Shots
1 2 3 T
Sewer Rats 10 18 9 37
Little Stars 3 13 6 22

1st period

No Goal

Penalties :
Stefan Elliott (Tol) for High sticking (Minor) at 2:38, Sebastian Wannstrom (Tex) for Delaying the game (Minor) at 11:19

2nd period

1. Sewer Rats , Steven Kampfer 1 (Jonathan Marchessault 2, Erik Condra 4) at 5:27
2. Little Stars , Adam Tambellini 3 (Sebastian Wannstrom 2, Daniel O'regan 1) at 7:15
3. Little Stars , Shawn Matthias 7 (Evgeny Kuznetsov 3) at 12:47 (PP)

Penalties :
Adam Tambellini (Tex) for Hooking (Minor) at 9:31, Vincent Trocheck (Tol) for Tripping (Minor) at 12:45, Patrick Wiercioch (Tex) for Attempt to injure (Major / Game Misconduct) at 18:31

3rd period

4. Sewer Rats , Vincent Trocheck 9 (Tomas Tatar 14, Mark Mancari 13) at 0:08 (PP)
5. Sewer Rats , Nick Cousins 2 (Dmitrij Jaskin 1, Anthony Duclair 4) at 13:13
6. Little Stars , Sebastian Wannstrom 3 (Daniel O'regan 2, Eric Knodel 2) at 15:36
7. Little Stars , Dana Tyrell 8 (Jesse Joensuu 9, Peter Delmas) at 19:29 (PP)

Penalties :
Jesse Joensuu (Tex) for Tripping (Minor) at 10:26, Tomas Tatar (Tol) for Hooking (Minor) at 17:41

Goalie Stats

Marek Mazanek (Tol), 18 saves from 22 shots - (0.818), L, 4-1-2, 60:00 minutes
Peter Delmas (Tex), 34 saves from 37 shots - (0.919), W, 2-1-0, 60:00 minutes

Players Stats for Sewer Rats

Player Name              G  A  P  +/- PIM S  H  SB GA TA FO     MP     PP MP  PK MP  
------------------------------------------------------------------------------------
Anthony Duclair          0  1  1   1  0   0  1  0  0  0  1/1    11:52   0:00   1:16 
Connor Carrick           0  0  0   0  0   0  0  0  0  0  0/0     7:50   1:15   0:44 
Daniel Carr              0  0  0  -1  0   2  1  0  0  0  1/1    18:14   4:37   1:02 
Dmitrij Jaskin           0  1  1   1  0   4  3  0  2  0  0/0    12:20   0:45   0:00 
Erik Condra              0  1  1  -1  0   0  1  0  0  0  0/0    17:48   4:37   0:39 
Jared McCann             0  0  0   0  0   1  0  0  0  0  0/1     6:54   0:00   0:00 
Jarred Tinordi           0  0  0   1  0   0  4  0  0  0  0/0    19:03   4:41   1:17 
Joel Edmundson           0  0  0   0  0   0  3  2  0  0  0/0    17:53   4:20   0:41 
John Ramage              0  0  0  -1  0   0  1  1  0  0  0/0    14:50   1:15   0:00 
Jonathan Marchessault    0  1  1  -1  0   4  1  0  0  0  5/8    17:20   4:37   0:08 
Joseph Blandisi          0  0  0   0  0   3  0  0  0  0  0/1     7:05   0:07   0:04 
Josh Archibald           0  0  0   0  0   1  3  0  0  0  0/0     8:23   0:37   0:00 
Mark Mancari             0  1  1   0  0   7  0  0  2  1  4/8    22:16   5:34   2:31 
Nick Cousins             1  0  1   1  0   3  2  0  0  1  1/1    12:20   0:45   0:00 
Ryan Murphy              0  0  0   0  0   3  0  1  0  0  0/0    10:47   0:00   1:51 
Stefan Elliott           0  0  0   0  2   1  0  1  0  1  0/0    17:47   4:20   0:41 
Steven Kampfer           1  0  1   0  0   2  5  2  2  0  0/0    25:54   6:01   2:24 
Tomas Tatar              0  1  1   0  2   4  1  0  0  2  0/1    20:54   5:35   1:02 
Vincent Trocheck         1  0  1   0  2   2  3  0  0  0  17/32  20:40   5:34   0:56 
Xavier Ouellet           0  0  0   0  0   0  1  1  0  0  0/0     5:58   0:00   0:00 

Players Stats for Little Stars

Player Name              G  A  P  +/- PIM S  H  SB GA TA FO     MP     PP MP  PK MP  
------------------------------------------------------------------------------------
Adam Tambellini          1  0  1   0  2   1  1  0  0  0  0/0     7:05   0:30   0:18 
Anton Cederholm          0  0  0   1  0   1  2  4  0  1  0/0    19:10   1:13   4:38 
Dana Tyrell              1  0  1   0  0   3  2  0  0  0  6/11   17:16   1:39   3:06 
Daniel O'regan           0  2  2   0  0   2  2  1  0  0  3/8    12:10   0:30   0:09 
Daniil Tarasov           0  0  0   0  0   0  0  0  0  1  0/0     4:55   0:18   0:00 
Eric Knodel              0  1  1   1  0   3  1  2  1  0  0/0    23:06   2:48   4:45 
Evgeny Kuznetsov         0  1  1   0  0   2  0  2  2  1  11/26  23:12   1:08   5:20 
Jesse Joensuu            0  1  1   0  2   3  2  0  0  0  0/0    17:45   1:39   3:19 
Michael Mersch           0  0  0   0  0   0  2  0  0  1  1/1    13:31   0:32   3:02 
Patrick Wiercioch        0  0  0   0  15  0  0  2  0  0  0/0    17:18   0:02   2:06 
Reece Willcox            0  0  0  -1  0   0  1  2  0  1  0/0    15:53   1:48   1:11 
Roman Horak              0  0  0   0  0   0  0  0  0  0  0/0     6:47   0:32   1:14 
Scott Kosmachuck         0  0  0   0  0   1  4  0  0  0  0/1    16:40   1:08   0:00 
Sebastian Wannstrom      1  1  2   0  2   3  0  1  0  0  0/0    12:01   0:42   0:00 
Shawn Matthias           1  0  1   0  0   1  0  0  0  0  3/6    23:26   1:08   5:24 
Tucker Poolman           0  0  0   0  0   0  0  1  0  0  0/0    15:46   0:46   3:25 
Tyson Barrie             0  0  0  -1  0   1  1  7  2  1  0/0    27:20   1:01   5:47 
Zach Budish              0  0  0   0  0   1  0  1  0  0  1/1    14:08   1:41   0:00 

3 Stars

1 - Steven Kampfer (Tol)
2 - Daniel O'regan (Tex)
3 - Nick Cousins (Tol)

Power Play

Sewer Rats - 1 on 5 Attempt(s) - 20.00%
Little Stars - 2 on 3 Attempt(s) - 66.67%

Penalty Kill

Sewer Rats - 1 on 3 Attempt(s) - 33.33% - Score 0 goal in Penalty Kill
Little Stars - 4 on 5 Attempt(s) - 80.00% - Score 0 goal in Penalty Kill

Team Stat

Sewer Rats - Hits : 30 - Faceoff Wins : 29 - Blocked Shots : 8 - Penalty Minutes : 6
Little Stars - Hits : 18 - Faceoff Wins : 25 - Blocked Shots : 23 - Penalty Minutes : 21

Official

Referees : Unknown
Linesman : Unknown

Game Notes

Adam Tambellini is injured at 12:23 of 2nd period (Fractured Bone in Right Hand)
Patrick Wiercioch ejected from game at 18:31 of 2nd period
Jarred Tinordi is injured at 6:25 of 3rd period (Left Hand)
Tyson Barrie is injured at 18:40 of 3rd period (Broken Left Foot Toe)

Finance

Level 1 -- Attendance: 1849 (92.45%) -- Ticket Income $73,960
Level 2 -- Attendance: 934 (93.40%) -- Ticket Income $18,680
Total Attendance: 2783 (92.77%)
Total Ticket Income: $92,640
Other Income: $4,632
Total Income: $97,272

Sewer Rats

5 vs 5 Forward 
   Center                   Left Wing                Right Wing               Time % Phy DF OF 
 1 Vincent Trocheck         Tomas Tatar              Mark Mancari             40     1   2  2  
 2 Jonathan Marchessault    Daniel Carr              Erik Condra              30     1   2  2  
 3 Nick Cousins             Anthony Duclair          Dmitrij Jaskin           20     1   2  2  
 4 Jared McCann             Joseph Blandisi          Josh Archibald           10     1   2  2  

5 vs 5 Defense 
   Defense                  Defense                                           Time % Phy DF OF 
 1 Jarred Tinordi           Steven Kampfer                                    40     1   2  2  
 2 Stefan Elliott           Joel Edmundson                                    30     1   2  2  
 3 John Ramage              Ryan Murphy                                       20     1   2  2  
 4 Connor Carrick           Xavier Ouellet                                    10     1   2  2  

PowerPlay Forward 
   Center                   Left Wing                Right Wing               Time % Phy DF OF 
 1 Vincent Trocheck         Tomas Tatar              Mark Mancari             60     1   2  2  
 2 Jonathan Marchessault    Daniel Carr              Erik Condra              40     1   2  2  

PowerPlay Defense
   Defense                  Defense                                           Time % Phy DF OF 
 1 Jarred Tinordi           Steven Kampfer                                    60     1   2  2  
 2 Stefan Elliott           Joel Edmundson                                    40     1   2  2  

Penalty Kill 4 Players Forward 
   Center                   Wing                     Time % Phy DF OF 
 1 Mark Mancari             Tomas Tatar              60     1   2  2  
 2 Vincent Trocheck         Erik Condra              40     1   2  2  

Penalty Kill 4 Players Defense
   Defense                  Defense                  Time % Phy DF OF 
 1 Jarred Tinordi           Steven Kampfer           60     1   2  2  
 2 Stefan Elliott           Joel Edmundson           40     1   2  2  

Penalty Kill - 3 Players Forward 
   Forward                                           Time % Phy DF OF 
 1 Mark Mancari                                      60     1   2  2  
 2 Tomas Tatar                                       40     1   2  2  

Penalty Kill - 3 Players Defense
   Defense                  Defense                  Time % Phy DF OF 
 1 Jarred Tinordi           Steven Kampfer           60     1   2  2  
 2 Stefan Elliott           Joel Edmundson           40     1   2  2  

4 vs 4 Forward 
   Center                   Wing                     Time % Phy DF OF 
 1 Mark Mancari             Tomas Tatar              60     1   2  2  
 2 Vincent Trocheck         Erik Condra              40     1   2  2  

4 vs 4 Defense
   Defense                  Defense                  Time % Phy DF OF 
 1 Jarred Tinordi           Steven Kampfer           60     1   2  2  
 2 Stefan Elliott           Joel Edmundson           40     1   2  2  

Last Minutes Offensive
   Center                   Left Wing                Right Wing               Defense                  Defense                  
   Vincent Trocheck         Tomas Tatar              Mark Mancari             Jarred Tinordi           Steven Kampfer           

Last Minutes Defensive
   Center                   Left Wing                Right Wing               Defense                  Defense                  
   Vincent Trocheck         Tomas Tatar              Mark Mancari             Jarred Tinordi           Steven Kampfer           

Goaltenders
Starting : Marek Mazanek            
Backup : Darcy Kuemper            

Extra Forwards
Normal : Dmitrij Jaskin, Nick Cousins, Anthony Duclair - PP : Dmitrij Jaskin, Nick Cousins - PK : Anthony Duclair
Extra Defensemen
Normal : John Ramage, Ryan Murphy, Connor Carrick - PP : John Ramage - PK : Ryan Murphy, Connor Carrick
Penalty Shots
Mark Mancari, Tomas Tatar, Vincent Trocheck, Erik Condra, Jonathan Marchessault

Scratches
Dominik Kubalik (Healthy), Jonathan Racine (Healthy), Tyler Motte (Healthy), Chris Calhan (Healthy), Mark Friedman (Healthy)
Michael Dal Colle (Healthy), Matteson Iacopelli (Healthy), Luke Witkowski (Healthy), Sergei Kostenko (Healthy), Antoine Bibeau (Healthy)

Little Stars

5 vs 5 Forward 
   Center                   Left Wing                Right Wing               Time % Phy DF OF 
 1 Evgeny Kuznetsov         Shawn Matthias           Scott Kosmachuck         40     0   2  3  
 2 Dana Tyrell              Jesse Joensuu            Zach Budish              30     0   2  3  
 3 Daniel O'regan           Adam Tambellini          Sebastian Wannstrom      20     1   2  2  
 4 Roman Horak              Michael Mersch           Daniil Tarasov           10     1   2  2  

5 vs 5 Defense 
   Defense                  Defense                                           Time % Phy DF OF 
 1 Tyson Barrie             Patrick Wiercioch                                 40     1   2  2  
 2 Eric Knodel              Anton Cederholm                                   30     1   2  2  
 3 Reece Willcox            Tucker Poolman                                    20     1   2  2  
 4 Tyson Barrie             Patrick Wiercioch                                 10     1   2  2  

PowerPlay Forward 
   Center                   Left Wing                Right Wing               Time % Phy DF OF 
 1 Evgeny Kuznetsov         Shawn Matthias           Scott Kosmachuck         60     0   2  3  
 2 Dana Tyrell              Jesse Joensuu            Zach Budish              40     0   2  3  

PowerPlay Defense
   Defense                  Defense                                           Time % Phy DF OF 
 1 Tyson Barrie             Patrick Wiercioch                                 60     0   2  3  
 2 Eric Knodel              Anton Cederholm                                   40     0   2  3  

Penalty Kill 4 Players Forward 
   Center                   Wing                     Time % Phy DF OF 
 1 Shawn Matthias           Evgeny Kuznetsov         60     0   3  2  
 2 Dana Tyrell              Jesse Joensuu            40     0   3  2  

Penalty Kill 4 Players Defense
   Defense                  Defense                  Time % Phy DF OF 
 1 Tyson Barrie             Patrick Wiercioch        60     0   3  2  
 2 Eric Knodel              Anton Cederholm          40     0   3  2  

Penalty Kill - 3 Players Forward 
   Forward                                           Time % Phy DF OF 
 1 Shawn Matthias                                    60     0   3  2  
 2 Evgeny Kuznetsov                                  40     0   3  2  

Penalty Kill - 3 Players Defense
   Defense                  Defense                  Time % Phy DF OF 
 1 Tyson Barrie             Patrick Wiercioch        60     0   3  2  
 2 Eric Knodel              Anton Cederholm          40     0   3  2  

4 vs 4 Forward 
   Center                   Wing                     Time % Phy DF OF 
 1 Shawn Matthias           Evgeny Kuznetsov         60     0   2  3  
 2 Dana Tyrell              Jesse Joensuu            40     0   2  3  

4 vs 4 Defense
   Defense                  Defense                  Time % Phy DF OF 
 1 Tyson Barrie             Patrick Wiercioch        60     0   2  3  
 2 Eric Knodel              Anton Cederholm          40     0   2  3  

Last Minutes Offensive
   Center                   Left Wing                Right Wing               Defense                  Defense                  
   Evgeny Kuznetsov         Shawn Matthias           Scott Kosmachuck         Tyson Barrie             Patrick Wiercioch        

Last Minutes Defensive
   Center                   Left Wing                Right Wing               Defense                  Defense                  
   Evgeny Kuznetsov         Shawn Matthias           Scott Kosmachuck         Tyson Barrie             Patrick Wiercioch        

Goaltenders
Starting : Peter Delmas             
Backup : Matt Murray              

Extra Forwards
Normal : Adam Tambellini, Daniel O'regan, Michael Mersch - PP : Adam Tambellini, Daniel O'regan - PK : Michael Mersch
Extra Defensemen
Normal : Reece Willcox, Tucker Poolman, Eric Knodel - PP : Reece Willcox - PK : Tucker Poolman, Eric Knodel
Penalty Shots
Shawn Matthias, Evgeny Kuznetsov, Dana Tyrell, Jesse Joensuu, Scott Kosmachuck

Scratches
Justin Auger (Healthy), Ville Pokka (Healthy), Tyler Wotherspoon (Back Injury), Jason Dickinson (Healthy), Emile Poirier (Healthy)
Shane Gersich (Healthy), Radel Fazleev (Healthy), Julien Nantel (Healthy), Connor Knapp (Healthy), Spencer Martin (Healthy)

% Time on Ice - Sewer Rats

Lines # - Real PCT - Wanted PCT - Time Play
Normal Forward
1 - 33% - 40% - 14:43
2 - 28% - 30% - 12:32
3 - 24% - 20% - 10:36
4 - 15% - 10% - 6:54
Normal Defense
1 - 38% - 40% - 16:59
2 - 29% - 30% - 13:05
3 - 19% - 20% - 8:43
4 - 13% - 10% - 5:58
PP Forward
1 - 52% - 60% - 5:42
2 - 48% - 40% - 5:14
PP Defense
1 - 60% - 60% - 6:36
2 - 40% - 40% - 4:20
PK Forward
1 - 83% - 60% - 3:10
2 - 17% - 40% - 0:39
PK Defense
1 - 68% - 60% - 2:35
2 - 32% - 40% - 1:14
PK3 Forward
1 - 0% - 60%
2 - 0% - 40%
PK3 Defense
1 - 0% - 60%
2 - 0% - 40%
44 Forward
1 - 0% - 60%
2 - 0% - 40%
44 Defense
1 - 0% - 60%
2 - 0% - 40%
Last Minute Offensive  - 0:30
Last Minute Defensive  - 0:00
Total
Forward - 60:00
Defense - 60:00

% Time on Ice - Little Stars

Lines # - Real PCT - Wanted PCT - Time Play
Normal Forward
1 - 36% - 40% - 16:10
2 - 29% - 30% - 13:00
3 - 26% - 20% - 11:33
4 - 9% - 10% - 4:02
Normal Defense
1 - 43% - 40% - 19:26
2 - 31% - 30% - 13:58
3 - 19% - 20% - 8:41
4 - 6% - 10% - 2:40
PP Forward
1 - 30% - 60% - 1:08
2 - 70% - 40% - 2:41
PP Defense
1 - 68% - 60% - 2:36
2 - 32% - 40% - 1:13
PK Forward
1 - 72% - 60% - 7:50
2 - 28% - 40% - 3:06
PK Defense
1 - 64% - 60% - 6:58
2 - 36% - 40% - 3:58
PK3 Forward
1 - 0% - 60%
2 - 0% - 40%
PK3 Defense
1 - 0% - 60%
2 - 0% - 40%
44 Forward
1 - 0% - 60%
2 - 0% - 40%
44 Defense
1 - 0% - 60%
2 - 0% - 40%
Last Minute Offensive  - 0:00
Last Minute Defensive  - 0:30
Total
Forward - 60:00
Defense - 60:00

Play-by-Play

1st period


0:01 of 1st period - Evgeny Kuznetsov wins face-off versus Tomas Tatar in neutral zone.
0:12 of 1st period - Snap shot by Tomas Tatar.
0:12 of 1st period - Shot Misses the Net.
0:14 of 1st period - Slapshot by Tomas Tatar.
0:14 of 1st period - Shot Hit the Post.
0:16 of 1st period - Slapshot by Tomas Tatar.
0:16 of 1st period - Stopped by Peter Delmas with a rebound.
0:44 of 1st period - Snap shot by Evgeny Kuznetsov.
0:44 of 1st period - Shot Misses the Net.
0:54 of 1st period - Patrick Wiercioch is hit by Joel Edmundson.
1:05 of 1st period - Scott Kosmachuck is hit by Joel Edmundson and loses puck.
1:26 of 1st period - Wrist shot by Nick Cousins.
1:26 of 1st period - Stopped by Peter Delmas with a rebound.
1:28 of 1st period - Slapshot by Joel Edmundson.
1:28 of 1st period - Shot Blocked by Tyson Barrie.
1:30 of 1st period - Snap shot by Dmitrij Jaskin.
1:30 of 1st period - Stopped by Peter Delmas with a rebound.
2:38 of 1st period - Minor Penalty to Stefan Elliott for High sticking.
2:39 of 1st period - Mark Mancari wins face-off versus Dana Tyrell in Sewer Rats zone.
3:05 of 1st period - Jesse Joensuu is hit by Vincent Trocheck and loses puck.
3:34 of 1st period - Erik Condra is hit by Daniel O'regan and loses puck.
4:03 of 1st period - Reece Willcox is hit by Steven Kampfer and loses puck.
4:38 of 1st period - Penalty to Stefan Elliott is over, Stefan Elliott is back on ice.
6:12 of 1st period - Eric Knodel is hit by Josh Archibald and loses puck.
6:23 of 1st period - Stefan Elliott is hit by Adam Tambellini and loses puck.
9:27 of 1st period - Wrist shot by Mark Mancari.
9:27 of 1st period - Stopped by Peter Delmas with a rebound.
10:03 of 1st period - Anton Cederholm is hit by Xavier Ouellet and loses puck.
11:19 of 1st period - Minor Penalty to Sebastian Wannstrom for Delaying the game.
11:20 of 1st period - Vincent Trocheck wins face-off versus Shawn Matthias in Little Stars zone.
11:24 of 1st period - Snap shot by Mark Mancari.
11:24 of 1st period - Stopped by Peter Delmas with a rebound.
11:46 of 1st period - Evgeny Kuznetsov is hit by Jarred Tinordi and loses puck.
13:04 of 1st period - Jonathan Marchessault is hit by Jesse Joensuu and loses puck.
13:19 of 1st period - Penalty to Sebastian Wannstrom is over, Sebastian Wannstrom is back on ice.
13:25 of 1st period - Wrist shot by Dana Tyrell.
13:25 of 1st period - Stopped by Marek Mazanek with a rebound.
13:38 of 1st period - Daniel O'regan is hit by Dmitrij Jaskin and loses puck.
13:45 of 1st period - Dmitrij Jaskin is hit by Reece Willcox and loses puck.
13:50 of 1st period - Wrist shot by Daniel O'regan.
13:50 of 1st period - Stopped by Marek Mazanek without a rebound.
13:51 of 1st period - Dana Tyrell wins face-off versus Joseph Blandisi in Sewer Rats zone.
14:04 of 1st period - Jesse Joensuu is hit by John Ramage and loses puck.
14:17 of 1st period - Snap shot by Shawn Matthias.
14:17 of 1st period - Deflect By Evgeny Kuznetsov.
14:17 of 1st period - Stopped by Marek Mazanek without a rebound.
14:18 of 1st period - Vincent Trocheck wins face-off versus Evgeny Kuznetsov in Sewer Rats zone.
14:25 of 1st period - Snap shot by Tomas Tatar.
14:25 of 1st period - Shot Misses the Net.
14:27 of 1st period - Slapshot by Joel Edmundson.
14:27 of 1st period - Shot Blocked by Tyson Barrie.
14:29 of 1st period - Snap shot by Joel Edmundson.
14:29 of 1st period - Shot Blocked by Evgeny Kuznetsov.
14:31 of 1st period - Backhand shot by Stefan Elliott.
14:31 of 1st period - Shot Blocked by Evgeny Kuznetsov.
14:47 of 1st period - Snap shot by Evgeny Kuznetsov.
14:47 of 1st period - Shot Misses the Net.
15:11 of 1st period - Slapshot by Dmitrij Jaskin.
15:11 of 1st period - Stopped by Peter Delmas with a rebound.
15:13 of 1st period - Slapshot by Steven Kampfer.
15:13 of 1st period - Stopped by Peter Delmas without a rebound.
15:14 of 1st period - Vincent Trocheck wins face-off versus Evgeny Kuznetsov in Little Stars zone.
15:15 of 1st period - Snap shot by Mark Mancari.
15:15 of 1st period - Deflect By Tomas Tatar.
15:15 of 1st period - Shot Blocked by Anton Cederholm.
15:15 of 1st period - Puck is out of play.
15:16 of 1st period - Evgeny Kuznetsov wins face-off versus Vincent Trocheck in Little Stars zone.
15:21 of 1st period - Anton Cederholm is hit by Jarred Tinordi and loses puck.
16:11 of 1st period - Snap shot by Joseph Blandisi.
16:11 of 1st period - Shot Blocked by Tyson Barrie.
16:13 of 1st period - Slapshot by Steven Kampfer.
16:13 of 1st period - Shot Blocked by Tyson Barrie.
16:15 of 1st period - Snap shot by Jared McCann.
16:15 of 1st period - Shot Blocked by Tyson Barrie.
16:47 of 1st period - Icing by Shawn Matthias.
16:48 of 1st period - Evgeny Kuznetsov wins face-off versus Vincent Trocheck in Little Stars zone.
17:17 of 1st period - Jesse Joensuu is hit by Jonathan Marchessault.
17:49 of 1st period - Ryan Murphy is hit by Jesse Joensuu and loses puck.
18:04 of 1st period - Snap shot by Mark Mancari.
18:04 of 1st period - Shot Blocked by Zach Budish.
18:06 of 1st period - Snap shot by Vincent Trocheck.
18:06 of 1st period - Shot Blocked by Anton Cederholm.
18:08 of 1st period - Snap shot by Tomas Tatar.
18:08 of 1st period - Shot Misses the Net.
18:13 of 1st period - Icing by Eric Knodel.
18:14 of 1st period - Jonathan Marchessault wins face-off versus Dana Tyrell in Little Stars zone.
18:46 of 1st period - Snap shot by Mark Mancari.
18:46 of 1st period - Stopped by Peter Delmas without a rebound.
18:47 of 1st period - Vincent Trocheck wins face-off versus Evgeny Kuznetsov in Little Stars zone.
18:48 of 1st period - Snap shot by Tomas Tatar.
18:48 of 1st period - Shot Blocked by Patrick Wiercioch.
18:54 of 1st period - Wrist shot by Shawn Matthias.
18:54 of 1st period - Shot Misses the Net.
18:56 of 1st period - Wrist shot by Shawn Matthias.
18:56 of 1st period - Shot Misses the Net.
18:58 of 1st period - Wrist shot by Evgeny Kuznetsov.
18:58 of 1st period - Shot Blocked by Joel Edmundson.
19:00 of 1st period - Snap shot by Evgeny Kuznetsov.
19:00 of 1st period - Shot Misses the Net.
19:02 of 1st period - Snap shot by Shawn Matthias.
19:02 of 1st period - Shot Misses the Net.
19:12 of 1st period - Snap shot by Erik Condra.
19:12 of 1st period - Shot Misses the Net.
19:14 of 1st period - Wrist shot by Jonathan Marchessault.
19:14 of 1st period - Stopped by Peter Delmas with a rebound.
19:16 of 1st period - Backhand shot by Stefan Elliott.
19:16 of 1st period - Deflect By Daniel O'regan.
19:16 of 1st period - Stopped by Peter Delmas without a rebound.
19:17 of 1st period - Jonathan Marchessault wins face-off versus Evgeny Kuznetsov in Little Stars zone.
19:51 of 1st period - Slapshot by Tomas Tatar.
19:51 of 1st period - Shot Misses the Net.
19:55 of 1st period - Wrist shot by Tomas Tatar.
19:55 of 1st period - Shot Misses the Net.
Goals for this period are 0 for Sewer Rats vs 0 for Little Stars.
Shots for this period are 10 for Sewer Rats vs 3 for Little Stars.

2nd period


0:01 of 2nd period - Vincent Trocheck wins face-off versus Evgeny Kuznetsov in neutral zone.
0:11 of 2nd period - Slapshot by Mark Mancari.
0:11 of 2nd period - Stopped by Peter Delmas with a rebound.
0:13 of 2nd period - Snap shot by Mark Mancari.
0:13 of 2nd period - Stopped by Peter Delmas without a rebound.
0:14 of 2nd period - Vincent Trocheck wins face-off versus Evgeny Kuznetsov in Little Stars zone.
0:15 of 2nd period - Wrist shot by Tomas Tatar.
0:15 of 2nd period - Stopped by Peter Delmas with a rebound.
0:41 of 2nd period - Jesse Joensuu is hit by Jarred Tinordi and loses puck.
1:06 of 2nd period - Jarred Tinordi is hit by Anton Cederholm and loses puck.
1:31 of 2nd period - Snap shot by Evgeny Kuznetsov.
1:31 of 2nd period - Shot Misses the Net.
1:33 of 2nd period - Slapshot by Anton Cederholm.
1:33 of 2nd period - Stopped by Marek Mazanek with a rebound.
1:35 of 2nd period - Wrist shot by Scott Kosmachuck.
1:35 of 2nd period - Shot Blocked by Ryan Murphy.
1:37 of 2nd period - Slapshot by Eric Knodel.
1:37 of 2nd period - Stopped by Marek Mazanek without a rebound.
1:38 of 2nd period - Dana Tyrell wins face-off versus Vincent Trocheck in Sewer Rats zone.
1:41 of 2nd period - Snap shot by Zach Budish.
1:41 of 2nd period - Shot Misses the Net.
1:47 of 2nd period - Jesse Joensuu is hit by Tomas Tatar and loses puck.
2:09 of 2nd period - Wrist shot by Jonathan Marchessault.
2:09 of 2nd period - Stopped by Peter Delmas without a rebound.
2:10 of 2nd period - Jonathan Marchessault wins face-off versus Evgeny Kuznetsov in Little Stars zone.
2:17 of 2nd period - Ryan Murphy is hit by Scott Kosmachuck and loses puck.
2:42 of 2nd period - Wrist shot by Dana Tyrell.
2:42 of 2nd period - Stopped by Marek Mazanek without a rebound.
2:43 of 2nd period - Vincent Trocheck wins face-off versus Dana Tyrell in Sewer Rats zone.
2:56 of 2nd period - Wrist shot by Vincent Trocheck.
2:56 of 2nd period - Stopped by Peter Delmas with a rebound.
2:58 of 2nd period - Slapshot by Tomas Tatar.
2:58 of 2nd period - Stopped by Peter Delmas without a rebound.
2:59 of 2nd period - Evgeny Kuznetsov wins face-off versus Jonathan Marchessault in Little Stars zone.
3:46 of 2nd period - Wrist shot by Roman Horak.
3:46 of 2nd period - Shot Blocked by Joel Edmundson.
3:48 of 2nd period - Snap shot by Daniil Tarasov.
3:48 of 2nd period - Shot Misses the Net.
5:04 of 2nd period - Daniil Tarasov is hit by Josh Archibald and loses puck.
5:25 of 2nd period - Slapshot by Jonathan Marchessault.
5:25 of 2nd period - Shot Blocked by Sebastian Wannstrom.
5:27 of 2nd period - Slapshot by Steven Kampfer.
5:27 of 2nd period - Goal by Steven Kampfer - Sewer Rats : 1 - Little Stars : 0.
5:28 of 2nd period - Vincent Trocheck wins face-off versus Evgeny Kuznetsov in neutral zone.
5:42 of 2nd period - Off-side.
5:43 of 2nd period - Dana Tyrell wins face-off versus Jonathan Marchessault in neutral zone.
5:46 of 2nd period - Daniel Carr is hit by Dana Tyrell and loses puck.
6:59 of 2nd period - Off-side.
7:00 of 2nd period - Daniel O'regan wins face-off versus Jonathan Marchessault in neutral zone.
7:05 of 2nd period - Wrist shot by Adam Tambellini.
7:05 of 2nd period - Shot Misses the Net.
7:07 of 2nd period - Slapshot by Eric Knodel.
7:07 of 2nd period - Stopped by Marek Mazanek with a rebound.
7:09 of 2nd period - Wrist shot by Daniel O'regan.
7:09 of 2nd period - Stopped by Marek Mazanek with a rebound.
7:11 of 2nd period - Snap shot by Daniel O'regan.
7:11 of 2nd period - Shot Blocked by Xavier Ouellet.
7:13 of 2nd period - Wrist shot by Sebastian Wannstrom.
7:13 of 2nd period - Stopped by Marek Mazanek with a rebound.
7:15 of 2nd period - Snap shot by Sebastian Wannstrom.
7:15 of 2nd period - Deflect By Adam Tambellini.
7:15 of 2nd period - Goal by Adam Tambellini - Sewer Rats : 1 - Little Stars : 1.
7:16 of 2nd period - Vincent Trocheck wins face-off versus Evgeny Kuznetsov in neutral zone.
8:51 of 2nd period - Snap shot by Daniel Carr.
8:51 of 2nd period - Stopped by Peter Delmas with a rebound.
9:15 of 2nd period - Snap shot by Jesse Joensuu.
9:15 of 2nd period - Stopped by Marek Mazanek with a rebound.
9:17 of 2nd period - Snap shot by Zach Budish.
9:17 of 2nd period - Shot Misses the Net.
9:19 of 2nd period - Snap shot by Zach Budish.
9:19 of 2nd period - Deflect By Dana Tyrell.
9:19 of 2nd period - Shot Misses the Net.
9:19 of 2nd period - Puck is out of play.
9:20 of 2nd period - Vincent Trocheck wins face-off versus Daniel O'regan in Sewer Rats zone.
9:20 of 2nd period - Vincent Trocheck is hit by Eric Knodel.
9:31 of 2nd period - Minor Penalty to Adam Tambellini for Hooking.
9:32 of 2nd period - Shawn Matthias wins face-off versus Vincent Trocheck in Little Stars zone.
9:32 of 2nd period - Shawn Matthias is hit by Vincent Trocheck.
9:57 of 2nd period - Shawn Matthias is hit by Daniel Carr and loses puck.
11:31 of 2nd period - Penalty to Adam Tambellini is over, Adam Tambellini is back on ice.
11:35 of 2nd period - Tyson Barrie is hit by Jarred Tinordi and loses puck.
11:46 of 2nd period - John Ramage is hit by Tyson Barrie and loses puck.
11:55 of 2nd period - Slapshot by Tyson Barrie.
11:55 of 2nd period - Stopped by Marek Mazanek with a rebound.
12:22 of 2nd period - Adam Tambellini is hit by Anthony Duclair and loses puck.
12:23 of 2nd period - Adam Tambellini from Little Stars is injured at 12:23 of 2nd period (Fractured Bone in Right Hand).
12:24 of 2nd period - Vincent Trocheck wins face-off versus Scott Kosmachuck in Little Stars zone.
12:27 of 2nd period - Wrist shot by Mark Mancari.
12:27 of 2nd period - Stopped by Peter Delmas with a rebound.
12:39 of 2nd period - Snap shot by Evgeny Kuznetsov.
12:39 of 2nd period - Shot Misses the Net.
12:45 of 2nd period - Minor Penalty to Vincent Trocheck for Tripping.
12:46 of 2nd period - Evgeny Kuznetsov wins face-off versus Mark Mancari in Sewer Rats zone.
12:47 of 2nd period - Snap shot by Shawn Matthias.
12:47 of 2nd period - Goal by Shawn Matthias - Sewer Rats : 1 - Little Stars : 2.
12:48 of 2nd period - Vincent Trocheck wins face-off versus Evgeny Kuznetsov in neutral zone.
13:01 of 2nd period - Jarred Tinordi is hit by Scott Kosmachuck.
13:20 of 2nd period - Wrist shot by Daniel Carr.
13:20 of 2nd period - Shot Blocked by Eric Knodel.
13:33 of 2nd period - Jarred Tinordi is hit by Daniel O'regan and loses puck.
13:38 of 2nd period - Snap shot by Joseph Blandisi.
13:38 of 2nd period - Stopped by Peter Delmas with a rebound.
13:40 of 2nd period - Snap shot by Josh Archibald.
13:40 of 2nd period - Stopped by Peter Delmas with a rebound.
13:42 of 2nd period - Wrist shot by Joseph Blandisi.
13:42 of 2nd period - Deflect By Josh Archibald.
13:42 of 2nd period - Shot Misses the Net.
13:42 of 2nd period - Puck is out of play.
13:43 of 2nd period - Evgeny Kuznetsov wins face-off versus Vincent Trocheck in Little Stars zone.
13:54 of 2nd period - Wrist shot by Evgeny Kuznetsov.
13:54 of 2nd period - Shot Blocked by Stefan Elliott.
13:59 of 2nd period - Off-side.
14:00 of 2nd period - Jonathan Marchessault wins face-off versus Dana Tyrell in neutral zone.
14:25 of 2nd period - Mark Mancari is hit by Scott Kosmachuck and loses puck.
14:49 of 2nd period - Wrist shot by Nick Cousins.
14:49 of 2nd period - Stopped by Peter Delmas with a rebound.
14:51 of 2nd period - Snap shot by John Ramage.
14:51 of 2nd period - Shot Blocked by Tyson Barrie.
14:53 of 2nd period - Snap shot by Ryan Murphy.
14:53 of 2nd period - Stopped by Peter Delmas without a rebound.
14:54 of 2nd period - Dana Tyrell wins face-off versus Vincent Trocheck in Little Stars zone.
14:54 of 2nd period - Dana Tyrell is hit by Vincent Trocheck.
15:08 of 2nd period - Slapshot by Mark Mancari.
15:08 of 2nd period - Stopped by Peter Delmas with a rebound.
15:10 of 2nd period - Snap shot by Tomas Tatar.
15:10 of 2nd period - Stopped by Peter Delmas with a rebound.
15:50 of 2nd period - Snap shot by Sebastian Wannstrom.
15:50 of 2nd period - Shot Misses the Net.
16:08 of 2nd period - Slapshot by Jesse Joensuu.
16:08 of 2nd period - Shot Misses the Net.
16:10 of 2nd period - Slapshot by Reece Willcox.
16:10 of 2nd period - Deflect By Jesse Joensuu.
16:10 of 2nd period - Stopped by Marek Mazanek without a rebound.
16:11 of 2nd period - Dana Tyrell wins face-off versus Vincent Trocheck in Sewer Rats zone.
16:12 of 2nd period - Snap shot by Jesse Joensuu.
16:12 of 2nd period - Stopped by Marek Mazanek with a rebound.
16:40 of 2nd period - Snap shot by Daniel Carr.
16:40 of 2nd period - Stopped by Peter Delmas with a rebound.
16:42 of 2nd period - Slapshot by Joel Edmundson.
16:42 of 2nd period - Shot Blocked by Patrick Wiercioch.
16:58 of 2nd period - Snap shot by Dmitrij Jaskin.
16:58 of 2nd period - Stopped by Peter Delmas without a rebound.
16:59 of 2nd period - Nick Cousins wins face-off versus Daniel O'regan in Little Stars zone.
17:00 of 2nd period - Wrist shot by Dmitrij Jaskin.
17:00 of 2nd period - Stopped by Peter Delmas without a rebound.
17:01 of 2nd period - Vincent Trocheck wins face-off versus Daniel O'regan in Little Stars zone.
17:47 of 2nd period - Anton Cederholm is hit by Nick Cousins and loses puck.
18:08 of 2nd period - Anthony Duclair is hit by Anton Cederholm and loses puck.
18:16 of 2nd period - Off-side.
18:17 of 2nd period - Vincent Trocheck wins face-off versus Evgeny Kuznetsov in neutral zone.
18:25 of 2nd period - Patrick Wiercioch is hit by Steven Kampfer and loses puck.
18:31 of 2nd period - Major / Game Misconduct Penalty to Patrick Wiercioch for Attempt to injure.
18:31 of 2nd period - Patrick Wiercioch is ejected from game.
18:32 of 2nd period - Shawn Matthias wins face-off versus Vincent Trocheck in Little Stars zone.
19:07 of 2nd period - Slapshot by Jarred Tinordi.
19:07 of 2nd period - Shot Misses the Net.
19:45 of 2nd period - Slapshot by Eric Knodel.
19:45 of 2nd period - Stopped by Marek Mazanek without a rebound.
19:46 of 2nd period - Michael Mersch wins face-off versus Vincent Trocheck in Sewer Rats zone.
Goals for this period are 1 for Sewer Rats vs 2 for Little Stars.
Shots for this period are 18 for Sewer Rats vs 13 for Little Stars.

3rd period


0:01 of 3rd period - Mark Mancari wins face-off versus Shawn Matthias in neutral zone.
0:08 of 3rd period - Snap shot by Vincent Trocheck.
0:08 of 3rd period - Goal by Vincent Trocheck - Sewer Rats : 2 - Little Stars : 2.
0:09 of 3rd period - Shawn Matthias wins face-off versus Vincent Trocheck in neutral zone.
1:09 of 3rd period - Anton Cederholm is hit by Joel Edmundson and loses puck.
2:18 of 3rd period - Roman Horak is hit by Dmitrij Jaskin and loses puck.
2:25 of 3rd period - Slapshot by Stefan Elliott.
2:25 of 3rd period - Shot Blocked by Reece Willcox.
3:09 of 3rd period - Tucker Poolman is hit by Josh Archibald and loses puck.
3:31 of 3rd period - Penalty to Patrick Wiercioch is over, Zach Budish is send on ice.
4:03 of 3rd period - Icing by Anton Cederholm.
4:04 of 3rd period - Daniel O'regan wins face-off versus Jared McCann in Little Stars zone.
4:41 of 3rd period - Daniel Carr is hit by Michael Mersch and loses puck.
5:13 of 3rd period - Snap shot by Daniel Carr.
5:13 of 3rd period - Deflect By Jonathan Marchessault.
5:13 of 3rd period - Stopped by Peter Delmas with a rebound.
6:08 of 3rd period - Backhand shot by Ryan Murphy.
6:08 of 3rd period - Stopped by Peter Delmas with a rebound.
6:10 of 3rd period - Snap shot by Tomas Tatar.
6:10 of 3rd period - Shot Misses the Net.
6:12 of 3rd period - Snap shot by Mark Mancari.
6:12 of 3rd period - Shot Misses the Net.
6:14 of 3rd period - Wrist shot by Tomas Tatar.
6:14 of 3rd period - Shot Blocked by Anton Cederholm.
6:16 of 3rd period - Slapshot by Ryan Murphy.
6:16 of 3rd period - Stopped by Peter Delmas without a rebound.
6:17 of 3rd period - Vincent Trocheck wins face-off versus Daniel O'regan in Little Stars zone.
6:24 of 3rd period - Jarred Tinordi is hit by Michael Mersch.
6:25 of 3rd period - Jarred Tinordi from Sewer Rats is injured at 6:25 of 3rd period (Left Hand).
6:26 of 3rd period - Evgeny Kuznetsov wins face-off versus Vincent Trocheck in Sewer Rats zone.
7:13 of 3rd period - Anton Cederholm is hit by Nick Cousins and loses puck.
7:58 of 3rd period - Slapshot by Steven Kampfer.
7:58 of 3rd period - Shot Misses the Net.
8:13 of 3rd period - Icing by Scott Kosmachuck.
8:14 of 3rd period - Daniel Carr wins face-off versus Evgeny Kuznetsov in Little Stars zone.
8:19 of 3rd period - Wrist shot by Jonathan Marchessault.
8:19 of 3rd period - Stopped by Peter Delmas without a rebound.
8:20 of 3rd period - Evgeny Kuznetsov wins face-off versus Vincent Trocheck in Little Stars zone.
8:25 of 3rd period - Snap shot by Shawn Matthias.
8:25 of 3rd period - Shot Blocked by Steven Kampfer.
8:37 of 3rd period - Tyson Barrie is hit by Steven Kampfer and loses puck.
8:56 of 3rd period - Slapshot by Stefan Elliott.
8:56 of 3rd period - Shot Blocked by Reece Willcox.
10:00 of 3rd period - Slapshot by Scott Kosmachuck.
10:00 of 3rd period - Shot Misses the Net.
10:26 of 3rd period - Minor Penalty to Jesse Joensuu for Tripping.
10:27 of 3rd period - Vincent Trocheck wins face-off versus Shawn Matthias in Little Stars zone.
10:42 of 3rd period - Backhand shot by Mark Mancari.
10:42 of 3rd period - Shot Blocked by Anton Cederholm.
11:02 of 3rd period - Dana Tyrell is hit by Erik Condra and loses puck.
12:26 of 3rd period - Penalty to Jesse Joensuu is over, Jesse Joensuu is back on ice.
12:41 of 3rd period - Slapshot by Ryan Murphy.
12:41 of 3rd period - Shot Misses the Net.
12:43 of 3rd period - Slapshot by John Ramage.
12:43 of 3rd period - Shot Blocked by Tucker Poolman.
12:57 of 3rd period - Snap shot by Joseph Blandisi.
12:57 of 3rd period - Shot Misses the Net.
12:59 of 3rd period - Snap shot by Jared McCann.
12:59 of 3rd period - Stopped by Peter Delmas with a rebound.
13:01 of 3rd period - Snap shot by Joseph Blandisi.
13:01 of 3rd period - Stopped by Peter Delmas with a rebound.
13:05 of 3rd period - Snap shot by Joseph Blandisi.
13:05 of 3rd period - Stopped by Peter Delmas without a rebound.
13:06 of 3rd period - Anthony Duclair wins face-off versus Daniel O'regan in Little Stars zone.
13:11 of 3rd period - Backhand shot by Dmitrij Jaskin.
13:11 of 3rd period - Shot Blocked by Daniel O'regan.
13:13 of 3rd period - Slapshot by Nick Cousins.
13:13 of 3rd period - Goal by Nick Cousins - Sewer Rats : 3 - Little Stars : 2.
13:14 of 3rd period - Vincent Trocheck wins face-off versus Evgeny Kuznetsov in neutral zone.
13:44 of 3rd period - Snap shot by Jesse Joensuu.
13:44 of 3rd period - Deflect By Zach Budish.
13:44 of 3rd period - Stopped by Marek Mazanek with a rebound.
14:47 of 3rd period - Slapshot by Stefan Elliott.
14:47 of 3rd period - Shot Blocked by Eric Knodel.
14:58 of 3rd period - Icing by Joseph Blandisi.
14:59 of 3rd period - Daniel O'regan wins face-off versus Vincent Trocheck in Sewer Rats zone.
15:00 of 3rd period - Snap shot by Sebastian Wannstrom.
15:00 of 3rd period - Stopped by Marek Mazanek with a rebound.
15:36 of 3rd period - Snap shot by Sebastian Wannstrom.
15:36 of 3rd period - Goal by Sebastian Wannstrom - Sewer Rats : 3 - Little Stars : 3.
15:37 of 3rd period - Evgeny Kuznetsov wins face-off versus Vincent Trocheck in neutral zone.
16:04 of 3rd period - Reece Willcox is hit by Steven Kampfer and loses puck.
16:11 of 3rd period - Wrist shot by Dmitrij Jaskin.
16:11 of 3rd period - Shot Misses the Net.
16:13 of 3rd period - Snap shot by Nick Cousins.
16:13 of 3rd period - Shot Hit the Post.
16:24 of 3rd period - Off-side.
16:25 of 3rd period - Jonathan Marchessault wins face-off versus Dana Tyrell in neutral zone.
16:41 of 3rd period - Tyson Barrie is hit by Steven Kampfer.
17:11 of 3rd period - Scott Kosmachuck is hit by Dmitrij Jaskin and loses puck.
17:41 of 3rd period - Minor Penalty to Tomas Tatar for Hooking.
17:42 of 3rd period - Mark Mancari wins face-off versus Evgeny Kuznetsov in Sewer Rats zone.
18:11 of 3rd period - Daniel Carr is hit by Dana Tyrell and loses puck.
18:40 of 3rd period - Slapshot by Steven Kampfer.
18:40 of 3rd period - Shot Blocked by Tyson Barrie.
18:40 of 3rd period - Tyson Barrie from Little Stars is injured at 18:40 of 3rd period (Broken Left Foot Toe).
18:41 of 3rd period - Evgeny Kuznetsov wins face-off versus Mark Mancari in Little Stars zone.
18:53 of 3rd period - Mark Mancari is hit by Scott Kosmachuck and loses puck.
19:01 of 3rd period - Icing by Scott Kosmachuck.
19:02 of 3rd period - Mark Mancari wins face-off versus Evgeny Kuznetsov in Little Stars zone.
19:13 of 3rd period - Wrist shot by Scott Kosmachuck.
19:13 of 3rd period - Stopped by Marek Mazanek without a rebound.
19:14 of 3rd period - Dana Tyrell wins face-off versus Mark Mancari in Sewer Rats zone.
19:17 of 3rd period - Snap shot by Dana Tyrell.
19:17 of 3rd period - Deflect By Jesse Joensuu.
19:17 of 3rd period - Shot Misses the Net.
19:17 of 3rd period - Puck is out of play.
19:18 of 3rd period - Zach Budish wins face-off versus Mark Mancari in Sewer Rats zone.
19:29 of 3rd period - Wrist shot by Dana Tyrell.
19:29 of 3rd period - Goal by Dana Tyrell - Sewer Rats : 3 - Little Stars : 4.
19:30 of 3rd period - Evgeny Kuznetsov wins face-off versus Vincent Trocheck in neutral zone.
19:33 of 3rd period - Slapshot by Tucker Poolman.
19:33 of 3rd period - Shot Blocked by Steven Kampfer.
19:35 of 3rd period - Snap shot by Evgeny Kuznetsov.
19:35 of 3rd period - Shot Blocked by John Ramage.
19:57 of 3rd period - Snap shot by Evgeny Kuznetsov.
19:57 of 3rd period - Stopped by Marek Mazanek with a rebound.
Goals for this period are 2 for Sewer Rats vs 2 for Little Stars.
Shots for this period are 9 for Sewer Rats vs 6 for Little Stars.